 Dungeon Crawl Stone Soup version 0.21-a0-274-gc1afaeb (console) character file.

4 removed the Skirmisher (level 1, 0/18 HPs)
             Began as a Demigod Wanderer on Sept 18, 2017.
             Slain by a jackal (1 damage)
             ... on level 1 of the Dungeon.
             The game lasted 00:00:32 (86 turns).

removed the Skirmisher (Demigod Wanderer)             Turns: 86, Time: 00:00:32

Health: 0/18       AC:  2    Str: 15    XL:     1   Next: 40%
Magic:  3/6        EV: 11    Int: 17    God:
Gold:   14         SH:  0    Dex: 14    Spells: 4/5 levels left

rFire    . . .     SeeInvis .   b - +0 hand crossbow
rCold    . . .     Gourm    .   (no shield)
rNeg     . . .     Faith    .   e - +0 robe
rPois    .         Spirit   .   (no helmet)
rElec    .         Reflect  .   (no cloak)
rCorr    .         Harm     .   (no gloves)
MR       .....                  (no boots)
Stlth    ++........             (no amulet)
HPRegen  0.06/turn              (no ring)
MPRegen  0.10/turn              (no ring)

@: no status effects
A: high mp 1
a: no special abilities


You were on level 1 of the Dungeon.
You were not hungry.

You visited 1 branch of the dungeon, and saw 1 of its levels.

You collected 14 gold pieces.

Inventory:

Hand Weapons
 b - a +0 hand crossbow (weapon)
Missiles
 c - 20 bolts (quivered)
Armour
 e - a +0 robe (worn)
Scrolls
 k - a scroll of fear {unknown}
Potions
 d - a potion of lignification
 g - 2 potions of heal wounds {unknown}
 h - a potion of haste {unknown}
 j - a potion of curing {unknown}
Books
 a - a book of Minor Magic

   Spells                             Type                      Level
   a - Magic Dart                     Conjuration                  1
   b - Blink                          Translocation                2
   c - Call Imp                       Summoning                    2
   d - Slow                           Hexes                        2
   e - Conjure Flame                  Conjuration/Fire             3
   f - Mephitic Cloud                 Conjuration/Poison/Air       3
Comestibles
 f - a bread ration
 i - a chunk of flesh


   Skills:
 - Level 2.6 Fighting
 - Level 1.0 Crossbows
 - Level 1.0 Armour
 - Level 1.0 Stealth
 - Level 2.6 Spellcasting
 + Level 1.0 Conjurations
   Level 1.0 Evocations


You had 4 spell levels left.
You knew the following spells:

 Your Spells              Type           Power        Failure   Level  Hunger
a - Magic Dart            Conj           #...         12%         1    #......


Dungeon Overview and Level Annotations

Branches:
Dungeon (1/15)


Innate Abilities, Weirdness & Mutations

You have an increased reservoir of magic. (+10% MP)


Message History

Confirm with . or Enter, or press ? or * to list all spells.
Aiming: Magic Dart
Press: ? - help, Shift-Dir - straight line, f/p - jackal
Aim: a jackal (heavily wounded)
The magic dart hits the jackal.
The jackal is almost dead.
The jackal barely misses you. The jackal bites you.
* * * LOW HITPOINT WARNING * * *
The jackal closely misses you.
Unknown command.
Unknown command.
Casting: Magic Dart
Confirm with . or Enter, or press ? or * to list all spells.
Aiming: Magic Dart
Press: ? - help, Shift-Dir - straight line, f/p - jackal
Aim: a jackal (severely wounded)
The magic dart hits the jackal.
The jackal is almost dead.
The jackal bites you.
You die...

####....^.####### #..
#...†...........# #..
#####.#......#####.###..
.............# #...#..
.............# ###.#..
.............# #....
.............# ###..
........###### #..
......h@# ### ......hh#
#... .....(.(. #...
#########. #... .. #...
.. #... ... #... (..
#...


You could see 3 jackals.

Vanquished Creatures
  A bat (D:1)
  A jackal (D:1)
  A ball python (D:1)
  A frilled lizard (D:1)
4 creatures vanquished.

Notes
Turn   | Place    | Note
-------+----------+-------------------------------------------
     0 | D:1      | removed the Demigod Wanderer began the quest for the Orb.
     0 | D:1      | removed set off with: a book of Minor Magic, a +0 hand crossbow, 26 bolts, a potion of lignification, a +0 robe, a bread ration
     0 | D:1      | Reached XP level 1. HP: 18/18 MP: 6/6
     2 | D:1      | Learned a level 1 spell: Magic Dart
    82 | D:1      | Reached skill level 1 in Conjurations
    86 | D:1      | Slain by a jackal

Vault maps used:
D:1:      giann_forest_graveyard

Skill      XL: |  1 |
---------------+----+-----
Conjurations   | 1 |  1.0
Fighting       | |  2.6
Crossbows      | |  1.0
Armour         | |  1.0
Stealth        | |  1.0
Spellcasting   | |  2.6
Evocations     | |  1.0

Action                   || total
-------------------------++-------
 Fire: Hand crossbow     ||     9
 Cast: Magic Dart        ||     3
Armor: Robe              ||     4
Dodge: Dodged            ||    14

Table legend:
 A = Spawn XP
 B = Non-spawn XP
 C = Spawn XP percentage of total XP
 D = Spawn monster count
 E = Non-spawn monster count
 F = Spawn count percentage of total count
 G = Total turns spent on level
                    A         B        C        D         E        F      G
               +---------+---------+-------+---------+---------+-------+---------
         Total |       0 |       6 |   0.0 |       0 |       4 |   0.0 |    86
               +---------+---------+-------+---------+---------+-------+---------
           D:1 |       0 |       6 |   0.0 |       0 |       4 |   0.0 |    86
               +---------+---------+-------+---------+---------+-------+---------
